 Dungeon Crawl Stone Soup version 0.30-a0-613-gdd512c7efb (webtiles) character file.

Game seed: 11711191810267330431

1085 drugrobin the Martial Artist (level 7, -1/56 HPs)
             Began as a Demigod Delver on Jan 9, 2023.
             Slain by Maggie
             ... wielding a +2 morningstar of flaming
              (15 damage)
             ... on level 6 of the Dungeon.
             The game lasted 00:11:00 (5313 turns).

drugrobin the Martial Artist (Demigod Delver)       Turns: 5313, Time: 00:11:00

Health: -1/56      AC: 10    Str: 23    XL:     7   Next: 82%
Magic:  9/9        EV:  5    Int: 12    God:
Gold:   281        SH: 10    Dex: 16    Spells: 5/6 levels left

rFire   . . .      SeeInvis .      - Unarmed
rCold   + . .      Faith    .    z - +3 kite shield of the Trilobite {rPois rC+ Dex-3 Stlth+}
rNeg    . . .      Spirit   .    G - +0 plate armour
rPois   +          Reflect  .    (no helmet)
rElec   .          Harm     .    (no cloak)
rCorr   .          Rampage  .    (no gloves)
Will    .....                    (no boots) Stlth
                                 (no amulet)
HPRegen 0.29/turn                r - +6 ring of strength
MPRegen 0.11/turn                (no ring)

@: no status effects
A: high MP 1, forlorn, divine attributes
a: no special abilities


You were on level 6 of the Dungeon.
You visited 1 branch of the dungeon, and saw 6 of its levels.

You collected 289 gold pieces.
You spent 8 gold pieces at shops.

Inventory:

Hand Weapons
 b - a +0 sling
 c - the +1 flail "Pienee" {drain, rC+}
   (You found it on level 3 of the Dungeon)

   rC:        It protects you from cold.
Missiles
 A - 3 silver javelins (quivered)
 J - a poisoned dart
Armour
 a - a +0 leather armour
 p - a +0 chain mail
 z - the +3 kite shield of the Trilobite (worn) {rPois rC+ Dex-3 Stlth+}
   (You found it on level 3 of the Dungeon)

   Dex:       It affects your dexterity (-3).
   rC:        It protects you from cold.
   rPois:     It protects you from poison.
   Stlth:     It makes you more stealthy.
 G - a +0 plate armour (worn)
Magical Staves
 x - a staff of earth
 I - a staff of air
Jewellery
 r - a +6 ring of strength (left hand)
Wands
 f - a wand of digging (3)
 F - a wand of flame (12)
Scrolls
 d - 4 scrolls of fear
 j - 5 scrolls of identify
 k - 2 scrolls of magic mapping
 l - 2 scrolls of teleportation {unknown}
 o - a scroll of enchant armour
 q - a scroll of amnesia
 u - 2 scrolls of immolation {unknown}
 y - a scroll of vulnerability
 B - 2 scrolls of fog
 C - 3 scrolls of noise {unknown}
 D - 2 scrolls of blinking {unknown}
 E - 2 scrolls of brand weapon {unknown}
 K - a scroll of acquirement {unknown}
Potions
 e - 2 potions of haste
 g - 3 potions of curing
 h - a potion of magic {unknown}
 i - a potion of ambrosia {unknown}
 m - 6 potions of lignification {unknown}
 n - 3 potions of attraction {unknown}
 s - 3 potions of berserk rage {unknown}
 t - 3 potions of heal wounds {unknown}
 v - a potion of degeneration {unknown}
 w - 2 potions of might {unknown}
 H - a potion of invisibility {unknown}


   Skills:
 - Level 2.6 Fighting
 - Level 1.7 Dodging
 - Level 4.5 Stealth
 + Level 8.9 Unarmed Combat


You had 5 spell levels left.
You knew the following spells:

 Your Spells              Type           Power      Damage    Failure   Level
a - Necrotise             Necr           0%         1d4       100%        1

Your spell library contained the following spells:

 Spells                   Type           Power      Damage    Failure   Level
 Vampiric Draining        Necr           0%         2d6       100%        3
 Animate Dead             Necr           0%         N/A       100%        4
 Petrify                  Tmut/Erth      0%         N/A       100%        4
 Agony                    Necr           0%         N/A       100%        5
 Metabolic Englaciation   Hex/Ice        0%         N/A       100%        5
 Statue Form              Tmut/Erth      0%         N/A       100%        6
 Haunt                    Necr/Summ      0%         N/A       100%        7
 Infestation              Necr           0%         N/A       100%        8


Dungeon Overview and Level Annotations

Branches:
Dungeon (6/15)
 Temple: D:4-7

Shops:
D:6 *

Annotations:
D:3 2 transporters, bmack86's ghost, amateur MiFi
D:6 2 runed translucent doors, Maggie; bande's ghost, weakling GrFi


Innate Abilities, Weirdness & Mutations

You have an increased reservoir of magic. (+10% MP)
You shall have no god before yourself.
Your divine heritage dramatically boosts your attributes as you level up.


Message History

Maggie barely misses you.
You closely miss Maggie.
Maggie is moderately wounded.
Maggie barely misses you.
You punch Maggie!
Maggie is heavily wounded.
Maggie hits you with a +2 morningstar of flaming!
Maggie burns you.
You hit Maggie but do no damage.
Maggie is heavily wounded.
Maggie hits you with a +2 morningstar of flaming.
Maggie burns you.
You closely miss Maggie.
Maggie is heavily wounded.
Maggie hits you with a +2 morningstar of flaming.
Maggie burns you.
You punch Maggie!
Maggie is heavily wounded.
Maggie shouts, "Leave me alone!"
Maggie hits you but does no damage.
You closely miss Maggie.
Maggie is heavily wounded.
Maggie completely misses you.
You punch Maggie!
Maggie is severely wounded.
Maggie hits you with a +2 morningstar of flaming!
Maggie burns you.
You hit Maggie but do no damage.
Maggie is severely wounded.
Maggie hits you with a +2 morningstar of flaming!
* * * LOW HITPOINT WARNING * * *
Maggie burns you.
* * * LOW HITPOINT WARNING * * *
Unknown command.
Unknown command.
Okay, then.
You feel better.
You break out of your daze.
Maggie hits you with a +2 morningstar of flaming!
You die...

... .'.........'.... #..
##.........##... #'#
#...........#.#' #J#
###.......#####.
#.###.#'#...#'#.#...
#.@##...#####...##..
#..'J.....#......+..
#######.##@.....#......##.
#.......#@......#.......#.
#####.#####.#......†'.......##
#.......# #.#.......#.......#
#.###.#.# #.##......#......##
#.# #.#.# #..+......#......+
#.# #.#.#######...#####...##
#.# #....# #.#'#...#+#.# #.#
###..# ###.......###
#.#####..### #...........#


You could see Maggie and a jelly.

Vanquished Creatures
  Sigmund (D:5)
  A water moccasin (D:6)
  A black bear (D:6)
  An ogre (D:6)
  A sky beast (D:6)
  A phantom (D:4)
  2 scorpions
  2 hounds
  2 iguanas
  8 gnolls
  9 adders
  An ufetubus (D:5)
  5 dart slugs
  9 orcs
  10 ball pythons
  11 endoplasms
  2 giant cockroaches
  8 goblins
  4 hobgoblins
  3 jackals (D:4)
  7 bats
  3 frilled lizards
  9 kobolds
  2 rats (D:1)
103 creatures vanquished.

Notes
Turn   | Place    | Note
-------+----------+-------------------------------------------
     0 | D:5      | drugrobin the Demigod Delver began the quest for the Orb.
     0 | D:5      | Reached XP level 1. HP: 18/18 MP: 3/3
   150 | D:3      | Identified the +1 flail "Pienee" {drain, rC+}
   184 | D:3      | Found a transporter.
   194 | D:3      | Noticed an ice beast
   196 | D:3      | Noticed bmack86's ghost (amateur MiFi)
   202 | D:3      | Found a transporter.
   242 | D:3      | Reached skill level 2 in Unarmed Combat
   335 | D:1      | Reached XP level 2. HP: 10/25 MP: 4/4
   523 | D:1      | Reached skill level 3 in Unarmed Combat
   831 | D:1      | Reached XP level 3. HP: 29/30 MP: 5/5
  1571 | D:2      | Reached skill level 4 in Unarmed Combat
  1817 | D:2      | Reached XP level 4. HP: 37/37 MP: 6/6
  2189 | D:3      | Identified the +3 kite shield of the Trilobite {rPois rC+
                  | Dex-3 Stlth+}
  2745 | D:4      | Reached skill level 5 in Unarmed Combat
  2745 | D:4      | Reached XP level 5. HP: 29/42 MP: 7/7
  3279 | D:4      | Reached skill level 6 in Unarmed Combat
  3279 | D:4      | Reached XP level 6. HP: 40/50 MP: 8/8
  3989 | D:5      | Noticed Sigmund
  4058 | D:5      | Killed Sigmund
  4059 | D:5      | Reached skill level 7 in Unarmed Combat
  4409 | D:6      | Learned a level 1 spell: Necrotise
  4438 | D:6      | Reached XP level 7. HP: 37/56 MP: 9/9
  4552 | D:6      | Reached skill level 8 in Unarmed Combat
  4772 | D:6      | Found Kucurch Xeimi's General Store.
  4780 | D:6      | Bought 2 poisoned darts for 8 gold pieces
  4816 | D:6      | Found a runed translucent door.
  4819 | D:6      | Noticed bande's ghost (weakling GrFi)
  5143 | D:6      | Found a runed translucent door.
  5289 | D:6      | Noticed Maggie
  5313 | D:6      | Slain by Maggie

Illustrated notes

Levels and vault maps discovered:
D:1:      shiori_shiawase, layout_loops_ring
D:2:      minmay_wonky_spiral, layout_loops_ring, serial_bayou_lake_a
D:3:      layout_loops_cross, lemuel_tele_altar,
          nicolae_dithmenos_shadow_blocks, mainiacjoe_overflow_tiny_flanked,
          gammafunk_ghost_arena
D:4:      minmay_recursive_quarters, layout_loops_ring
D:5:      layout_cave_pools, lemuel_round_altar, uniq_sigmund
D:6:      nicolae_cairo_tiling_very_big, layout_loops_corners,
          gammafunk_temple_overflow_elements, mainiacjoe_overflow_brackets,
          ebering_ghost_sewer_f, serial_shops, shop_statue, due_unseen_surprise,
          uniq_maggie

Skill      XL: |  1  2  3  4  5  6  7 |
---------------+----------------------+-----
Unarmed Combat | 2 3 4 5 6 7 8 |  8.9
Fighting       | |  2.6
Dodging        | |  1.7
Stealth        | |  4.5

Action                   |  1- 3 |  4- 6 |  7- 9 || total
-------------------------+-------+-------+-------++-------
Melee: Unarmed           |    62 |   153 |    41 ||   256
       Punch             |     3 |     1 |       ||     4
       Flail             |    65 |    22 |       ||    87
 Fire: Sling             |       |     4 |     3 ||     7
Throw: Javelin           |       |     3 |     1 ||     4
       Dart              |       |       |     1 ||     1
Evoke: Wand              |       |       |     7 ||     7
  Use: Potion            |       |     1 |     1 ||     2
       Scroll            |       |       |     3 ||     3
 Stab: Sleeping          |     3 |       |       ||     3
Armor: Leather armour    |     6 |       |       ||     6
       Chain mail        |    56 |    58 |       ||   114
       Plate armour      |       |     6 |    10 ||    16
Dodge: Dodged            |    53 |    33 |     5 ||    91
Block: Kite shield       |       |    74 |    11 ||    85

Table legend: (Time is in decaauts)
 A = Elapsed time spent in this place.
 B = Non-inter-level travel time spent in this place.
 C = Inter-level travel time spent in this place.
 D = Time resting spent in this place.
 E = Time spent auto-exploring this place.
 F = Levels seen in this place.
 G = Mean time per level.
                   A        B        C        D        E       F      G
               +--------+--------+--------+--------+--------+-----+--------+
         Total |   5413 |   5200 |    213 |    193 |   3843 |   6 |  902.2 |
       Dungeon |   5413 |   5200 |    213 |    193 |   3843 |   6 |  902.2 |
               +--------+--------+--------+--------+--------+-----+--------+

Top non-repeatable levels by time:
     D:4: 1199 daAuts
     D:2: 979 daAuts
     D:1: 929 daAuts
     D:6: 920 daAuts
     D:3: 713 daAuts
     D:5: 669 daAuts
